 Dungeon Crawl Stone Soup version 0.29.1-15-g9cfb28693d (webtiles) character file.

Game seed: 7677173119442977592

133 KamiKatze the Conjurer (level 4, -2/24 HPs)
             Began as a Deep Elf Conjurer on Apr 28, 2023.
             Killed by nerve-wracking pain
             ... invoked by an orc priest
              (8 damage)
             ... on level 2 of the Dungeon.
             The game lasted 00:06:47 (1849 turns).

KamiKatze the Conjurer (Deep Elf Conjurer)          Turns: 1849, Time: 00:06:48

Health: -2/24      AC:  2    Str: 10    XL:     4   Next: 94%
Magic:  11/11      EV: 12    Int: 25    God:
Gold:   127        SH:  5    Dex: 13    Spells: 3/10 levels left

rFire   . . .      SeeInvis .   h - +0 short sword
rCold   . . .      Faith    .   (no shield)
rNeg    . . .      Spirit   .   a - +0 robe
rPois   .          Reflect  +   (no helmet)
rElec   .          Harm     .   (no cloak)
rCorr   +          Rampage  .   (no gloves)
Will    .....                   (no boots)
Stlth   ++........              k - amulet of reflection
HPRegen 0.08/turn               o - ring of resist corrosion
MPRegen 0.12/turn               p - +6 ring of strength

@: no status effects
A: no striking features
a: no special abilities


You were on level 2 of the Dungeon.
You visited 1 branch of the dungeon, and saw 2 of its levels.

You collected 127 gold pieces.

Inventory:

Hand Weapons
 d - a +0 dagger
 h - a +0 short sword (weapon)
 i - a +0 spear
Missiles
 q - a throwing net
Armour
 a - a +0 robe (worn)
Jewellery
 k - an amulet of reflection (around neck)
 o - a ring of resist corrosion (left hand)
 p - a +6 ring of strength (right hand)
 t - an amulet of regeneration
Scrolls
 c - a scroll of amnesia {unknown}
 f - 3 scrolls of noise {unknown}
 g - a scroll of acquirement {unknown}
 m - 2 scrolls of identify {unknown}
 s - a scroll of teleportation {unknown}
Potions
 b - a potion of magic
 e - 2 potions of mutation {unknown}
 j - a potion of cancellation {unknown}
 l - 2 potions of heal wounds {unknown}
 n - a potion of degeneration {unknown}
 r - a potion of lignification {unknown}
 u - a potion of curing {unknown}


   Skills:
 * Level 1.4 Throwing
 - Level 3.0 Dodging
 - Level 3.0 Stealth
 * Level 3.8 Spellcasting
 * Level 4.7 Conjurations
 * Level 2.0 Hexes
 * Level 1.4 Translocations
 * Level 1.7 Evocations


You had 3 spell levels left.
You knew the following spells:

 Your Spells              Type           Power      Damage    Failure   Level
a - Magic Dart            Conj           100%       1d8       1%          1
b - Searing Ray           Conj           56%        2d6       1%          2
c - Fulminant Prism       Conj/Hex       10%        3d9       22%         4

Your spell library contained the following spells:

 Spells                   Type           Power      Damage    Failure   Level
 Dazzling Flash           Conj/Hex       42%        N/A       7%          3
 Iskenderun's Mystic Bla  Conj/Tloc      20%        2d6       26%         4
 Silence                  Hex/Air        4%         N/A       86%         5
 Agony                    Necr           4%         N/A       95%         5


Dungeon Overview and Level Annotations

Branches:
Dungeon (2/15)

Altars:


Message History

The orc priest looks encouraged for a moment.
The searing ray misses the orc priest.
The searing ray misses the orc priest.
The searing ray hits the orc priest.
The orc priest is severely wounded.
You finish channelling your searing ray.
The orc priest hits you with a +0 flail.
You barely miss the orc priest.
The orc priest is severely wounded.
The orc priest misses you.
You closely miss the orc priest.
The orc priest is severely wounded.
The orc priest hits you with a +0 flail!
You hit the orc priest.
The orc priest is severely wounded.
The orc priest invokes the aid of Beogh against you.
Beogh smites you!
Ouch! That really hurt!
* * * LOW HITPOINT WARNING * * *
Casting: Searing Ray (safe; 1% risk of failure)
Confirm with . or Enter, or press ? or * to list all spells.
Aiming: Magic Dart (safe; 1% risk of failure)
Press: ? - help, Shift-Dir - straight line, f/p - orc priest
Aim: an orc priest, wielding a +0 flail (severely wounded, 100% to hit)
Okay, then.
Casting: Magic Dart (safe; 1% risk of failure)
Confirm with . or Enter, or press ? or * to list all spells.
Aiming: Searing Ray (safe; 1% risk of failure)
Press: ? - help, Shift-Dir - straight line, f/p - orc priest
Aim: an orc priest, wielding a +0 flail (severely wounded, 79% to hit)
The searing ray hits the orc priest!
You kill the orc priest! (Press . to maintain the ray.)
Your Hexes skill increases to level 2!
An orc priest comes into view. It is wielding a +0 whip.
The orc priest shouts!
There is a stone staircase leading up here.
The orc priest mumbles some strange prayers to Beogh against you.
Pain shoots through your body!
You die...

# #.# #.###.#.#.##.# #.## #
#.# #.##.........## #.). #
#.# #.###.#.#.#.#.##########
## #.# #.##.......###.....#
.# #.###.###.#.#.#.#.####.#
.# #.....##.......#.## #.#
.# #..######.#.#.#### #.# .#
#..# #.......# #####.# .#
#..######.#@#.## #...#.# .#
#......#.......###.#.#.# .#
##.###.##.#.#.#....#...#####
.# #.#
#.#.......#.#####...... .#
#.# #.o#.#.#.##...#...#####
.#
####.###.........###.#.####
.# #........##.#.#.##
#......# ##
#.##.##..#.......# ######.#
####.##.##..##.#.#.## #.#


You could see an orc priest.

Vanquished Creatures
  An orc priest (D:2)
  5 adders (D:2)
  A dart slug (D:1)
  An orc (D:2)
  10 endoplasms
  A giant cockroach (D:1)
  5 hobgoblins
  4 kobolds
  4 quokkas
  4 ball pythons
  4 bats
  8 frilled lizards
  5 goblins
  5 rats
58 creatures vanquished.

Notes
Turn   | Place    | Note
-------+----------+-------------------------------------------
     0 | D:1      | KamiKatze the Deep Elf Conjurer began the quest for the
                  | Orb.
     0 | D:1      | Reached XP level 1. HP: 10/10 MP: 6/6
   227 | D:1      | Reached XP level 2. HP: 15/15 MP: 4/8
   230 | D:1      | Learned a level 2 spell: Searing Ray
   386 | D:1      | Reached skill level 1 in Hexes
   729 | D:1      | Reached XP level 3. HP: 19/19 MP: 7/9
  1193 | D:2      | Found a faded altar of an unknown god.
  1294 | D:2      | Reached skill level 1 in Throwing
  1294 | D:2      | Reached skill level 1 in Evocations
  1368 | D:2      | Reached skill level 1 in Translocations
  1460 | D:2      | Reached XP level 4. HP: 24/24 MP: 5/11
  1465 | D:2      | Learned a level 4 spell: Fulminant Prism
  1784 | D:2      | HP: 1/24 [orc priest/divine providence (13)]
  1849 | D:2      | Killed from afar by an orc priest

Illustrated notes

Levels and vault maps discovered:
D:1:      saegor_arrival_simple_c, layout_basic, minmay_misc_feat_x,
          kennysheep_flooded_box
D:2:      layout_loops_ring, ebering_ecumenical_altar_hall,
          roderic_serpentine_path, st_stairs_12,
          corexii_item_surrounded_by_moat, minmay_randomly_rotated_circles

Skill      XL: |  1  2  3  4 |
---------------+-------------+-----
Hexes          | 1 2 |  2.0
Throwing       | 1 |  1.4
Evocations     | 1 |  1.7
Stealth        | 3 |  3.0
Translocations | 1 |  1.4
Dodging        | 3 |  3.0
Spellcasting   | |  3.8
Conjurations   | |  4.7

Action                   |  1- 3 |  4- 6 || total
-------------------------+-------+-------++-------
Melee: Short sword       |       |     8 ||     8
 Cast: Magic Dart        |    78 |    15 ||    93
       Searing Ray       |     4 |     3 ||     7
Armor: Robe              |       |     2 ||     2
Dodge: Dodged            |     2 |     7 ||     9
Block: Other             |       |     1 ||     1
